Map: Abyssal Reef LE

Players

uThermal

  • Race: Terran Terran
  • Spawn Location: 5:00

Nerchio - Winner!

  • Race: Zerg Zerg
  • Spawn Location: 11:00

Event: WCS Montreal 2017

VOD

Have the link to the VOD?

Description

Time

  • Played on: Sept. 8, 2017, 6:13 p.m.
  • Length: 14:40

All games in this series

Show
View Real Time Build Order
Export as new Build Order

uThermal Terran 

Build Orders: Reaper Expand, Mech 

Get SALT Encoding   

  12  0:01  SCV  
  13  0:13  SCV  
  14  0:17  Supply Depot  
  14  0:25  SCV  
  15  0:38  SCV  
  15  0:40  Barracks  
  16  0:43  Refinery  
  16  0:50  SCV  
  17  1:02  SCV  
  18  1:15  SCV  
  19  1:27  Orbital Command, Reaper  
  20  1:40  Command Center  
  20  1:53  SCV  
  21  1:55  Supply Depot  
  21  1:59  Marine  
  22  2:05  SCV  
  23  2:08  Factory  
  23  2:13  Refinery  
  23  2:18  SCV  
  23  2:22  Barracks Reactor  
  24  2:30  SCV  
  25  2:42  SCV  
  26  2:53  Orbital Command, Hellion  
  26  2:54  SCV  
  26  2:55  Starport  
  26  2:58  Marine x2  
  31  3:06  SCV  
  32  3:16  Marine x2  
  32  3:18  SCV x2  
  35  3:21  Factory Tech Lab  
  34  3:30  SCV  
  34  3:32  Medivac  
  34  3:33  SCV  
  34  3:34  Marine x2  
  38  3:39  Siege Tank  
  43  3:42  SCV  
  43  3:43  Supply Depot  
  43  3:45  SCV  
  45  3:53  Marine  
  46  3:59  Supply Depot  
  46  4:04  Marine  
  46  4:05  Medivac, SCV x2  
  54  4:17  Siege Tank  
  54  4:21  Marine, SCV x2  
  54  4:22  Marine  
  58  4:30  Command Center  
  58  4:33  SCV  
  58  4:34  Supply Depot, SCV  
  60  4:45  SCV  
  61  4:46  SCV  
  62  4:57  SCV  
  62  4:58  Armory x2, SCV, Refinery  
  62  4:59  Refinery  
  63  5:02  Hellion x2  
  67  5:08  Supply Depot  
  67  5:09  SCV  
  67  5:11  SCV  
  67  5:21  SCV  
  67  5:23  SCV  
  69  5:30  Hellion x2  
  69  5:34  SCV  
  69  5:35  SCV  
  69  5:43  Starport Tech Lab, Barracks Tech Lab  
  69  5:45  Factory  
  69  5:46  SCV  
  69  5:47  SCV  
  63  5:54  Hellion  
  63  5:55  Orbital Command, Hellion  
  66  5:58  SCV  
  66  5:59  SCV, Refinery  
  66  6:02  Terran Vehicle Weapons Level 1  
  66  6:03  Refinery  
  68  6:05  Factory  
  68  6:07  Terran Vehicle And Ship Armor Level 1  
  68  6:08  Starport Reactor  
  68  6:10  SCV  
  69  6:11  SCV  
  69  6:13  Orbital Command  
  69  6:16  Hellion  
  72  6:22  SCV  
  72  6:25  SCV, Hellion  
  75  6:31  Factory, Barracks Tech Lab  
  76  6:34  Factory, SCV  
  77  6:41  SCV  
  78  6:49  SCV  
  78  6:50  SCV  
  78  6:54  SCV  
  81  6:55  Thor  
  81  6:59  Supply Depot  
  87  7:02  Thor  
  87  7:05  Medivac  
  95  7:08  Medivac  
  95  7:12  Supply Depot, SCV  
  95  7:14  SCV x2  
  100  7:18  Factory Reactor  
  100  7:22  Hellion x2  
  104  7:25  SCV  
  104  7:26  Supply Depot, SCV  
  104  7:27  Hellion  
  108  7:38  Hellion  
  108  7:40  Hellion x2  
  108  7:43  Hellion  
  108  7:45  Siege Tank  
  108  7:48  Siege Tank  
  108  7:49  Supply Depot  
  114  7:56  Hellion x2  
  114  7:58  Hellion  
  116  7:59  Siege Tank  
  116  8:02  Infernal Pre-Igniter  
  116  8:04  Hellion  
  119  8:05  Supply Depot  
  119  8:13  Supply Depot  
  119  8:17  Terran Vehicle Weapons Level 2, Command Center  
  119  8:18  Siege Tank  
  122  8:20  Siege Tank, Hellion x2  
  122  8:21  Hellion  
  122  8:26  Terran Vehicle And Ship Armor Level 2  
  131  8:31  Hellion  
  132  8:36  Supply Depot  
  132  8:42  Hellion x2  
  132  8:46  Engineering Bay  
  134  8:49  Hellion  
  134  8:54  Hellion  
  134  8:55  Thor x2  
  128  9:30  Siege Tank, Hellion  
  120  9:32  Hellion  
  120  9:35  Hellion x2  
  121  9:38  Siege Tank x2  
  120  9:52  Hellion  
  119  9:53  SCV x2, Hellion  
  119  9:57  SCV, Hellion x2  
  127  10:02  Siege Tank  
  127  10:05  SCV  
  127  10:06  Engineering Bay  
  131  10:08  SCV  
  131  10:11  SCV  
  133  10:15  Missile Turret  
  133  10:18  SCV, Missile Turret  
  133  10:20  SCV  
  135  10:27  SCV  
  132  10:30  SCV  
  132  10:33  SCV  
  132  10:39  SCV, Hellion  
  132  10:41  Hellion x2  
  139  10:46  Hellion  
  141  10:54  Hellion  
  141  10:55  Hellion  
  141  10:56  Hellion  
  147  11:02  Hellion  
  147  11:04  Hellion  
  151  11:11  SCV  
  152  11:15  Supply Depot, Hellion  
  156  11:18  Hellion  
  156  11:26  Hellion  
  156  11:36  Hellion x4  
  164  11:51  Hellion x2  
  165  12:01  Hellion  
  165  12:03  Supply Depot  
  165  12:06  Siege Tank, Hellion x2  
  172  12:16  Hellion  
  172  12:17  Hellion x12  
  170  12:23  Hellion  
  170  12:27  Hellion x2  
  129  12:37  Hellion  
  129  12:38  Hellion  
  129  12:42  Siege Tank  
  131  12:45  Hellion  
  131  12:49  Hellion  
  133  12:52  Hellion  
  133  12:58  Hellion  
  131  13:03  Hellion  
  121  13:10  Hellion  
  121  13:12  Hellion  
  107  13:17  Hellion  
  96  13:24  Siege Tank  
  99  13:32  Hellion  
  101  13:41  Orbital Command  
  101  13:49  Siege Tank  
  96  14:05  Siege Tank, Hellion  
  97  14:17  Hellion  
Show
View Real Time Build Order
Export as new Build Order

Nerchio Zerg - Winner!

Build Orders: Hatch First 

Get SALT Encoding   

  12  0:00  Drone  
  13  0:13  Overlord  
  13  0:17  Drone  
  14  0:31  Drone x2  
  14  0:35  Drone  
  17  0:52  Hatchery  
  17  0:55  Drone  
  17  0:59  Drone  
  18  1:06  Extractor  
  17  1:14  Spawning Pool  
  17  1:17  Drone  
  17  1:20  Drone  
  18  1:28  Drone  
  19  1:39  Overlord  
  19  1:50  Drone  
  20  2:00  Queen  
  20  2:01  Zergling x2  
  23  2:04  Queen  
  23  2:05  Zergling x2  
  26  2:10  Metabolic Boost  
  26  2:13  Drone  
  27  2:17  Drone  
  27  2:22  Drone  
  29  2:29  Drone  
  30  2:42  Queen, Extractor, Drone x2  
  33  2:46  Queen  
  33  2:50  Overlord  
  35  2:53  Drone  
  35  2:58  Overlord  
  36  3:09  Drone x2  
  36  3:11  Drone x3  
  41  3:12  Drone  
  41  3:14  Drone  
  41  3:17  Drone  
  41  3:18  Drone  
  43  3:31  Hatchery  
  43  3:33  Drone  
  43  3:34  Drone  
  43  3:37  Overlord  
  43  3:40  Zergling x2  
  46  3:41  Drone  
  46  3:48  Drone  
  47  3:49  Queen  
  47  3:50  Drone  
  47  3:51  Drone  
  47  3:52  Drone  
  53  3:55  Drone  
  53  3:56  Drone  
  53  3:58  Drone  
  53  3:59  Drone  
  56  4:03  Drone  
  56  4:05  Evolution Chamber  
  56  4:07  Queen  
  58  4:18  Overlord x2  
  58  4:20  Spine Crawler, Drone x2  
  59  4:26  Drone  
  59  4:28  Spore Crawler  
  58  4:32  Drone  
  58  4:34  Overlord x2  
  58  4:38  Drone x3  
  62  4:44  Zergling x2  
  63  4:46  Zergling x2  
  63  4:47  Spore Crawler  
  63  4:49  Zergling x2  
  64  4:54  Zergling x6  
  64  4:59  Zergling x2  
  68  5:00  Zergling x8  
  68  5:01  Zergling x2  
  68  5:04  Queen  
  68  5:06  Zergling x2  
  76  5:08  Queen  
  76  5:12  Zergling x4  
  80  5:17  Zerg Ground Armor Level 1  
  80  5:18  Overlord  
  80  5:23  Evolution Chamber  
  80  5:24  Overlord  
  76  5:31  Drone x2  
  76  5:32  Drone x2  
  76  5:35  Drone x2  
  76  5:36  Drone x2  
  76  5:37  Drone  
  76  5:39  Lair  
  76  5:40  Drone x2  
  78  5:47  Drone  
  75  5:51  Drone x2  
  75  5:54  Spore Crawler  
  76  5:57  Zerg Melee Weapons Level 1  
  76  5:58  Drone  
  76  6:00  Drone  
  76  6:01  Drone  
  76  6:02  Extractor  
  76  6:04  Extractor x2, Hatchery  
  77  6:09  Extractor  
  74  6:12  Drone x2  
  74  6:13  Drone  
  74  6:16  Roach Warren  
  76  6:18  Drone  
  76  6:20  Drone x3  
  76  6:21  Drone x2  
  76  6:22  Drone  
  76  6:24  Overlord  
  83  6:27  Drone  
  83  6:30  Drone  
  85  6:35  Zergling x2  
  85  6:36  Zergling x2  
  86  6:45  Zergling x4  
  87  6:47  Spire  
  87  6:48  Hydralisk Den  
  87  6:50  Zergling x2  
  87  6:51  Zergling x18  
  95  6:55  Drone  
  95  6:58  Glial Reconstitution  
  95  7:00  Drone x2  
  98  7:04  Overlord  
  98  7:11  Overlord  
  98  7:13  Drone  
  98  7:14  Infestation Pit  
  98  7:15  Overlord  
  98  7:19  Zerg Missile Weapons Level 1  
  98  7:20  Overlord  
  98  7:21  Extractor  
  98  7:22  Hydralisk  
  97  7:23  Hydralisk x4  
  97  7:28  Overlord  
  100  7:44  Drone x6  
  100  7:45  Drone x3  
  105  7:59  Mutalisk  
  105  8:00  Mutalisk x5, Drone x2  
  105  8:02  Drone x2  
  121  8:08  Drone x3  
  121  8:11  Hydralisk x2  
  128  8:15  Hydralisk  
  131  8:20  Drone x4  
  131  8:25  Hive  
  134  8:29  Hydralisk x2  
  134  8:32  Hydralisk  
  131  8:35  Hydralisk  
  131  8:36  Hydralisk  
  131  8:38  Hydralisk  
  135  8:43  Hydralisk x2  
  135  8:45  Zergling x2  
  135  8:46  Hydralisk  
  141  8:52  Hydralisk x3  
  141  8:55  Zergling x4  
  147  8:58  Zergling x2  
  147  8:59  Zergling x4  
  150  9:04  Hydralisk  
  152  9:14  Overlord x2  
  152  9:16  Overlord  
  152  9:19  Overlord  
  152  9:20  Overlord  
  152  9:22  Overlord  
  149  9:27  Hydralisk x3  
  149  9:28  Hydralisk  
  148  9:31  Roach x5  
  148  9:33  Roach x2  
  148  9:35  Roach  
  148  9:37  Roach  
  148  9:42  Roach  
  150  9:46  Roach x2  
  150  9:47  Roach  
  150  9:48  Roach x3  
  154  9:53  Roach  
  154  9:56  Roach  
  154  10:00  Roach x2  
  154  10:04  Viper  
  154  10:07  Viper x2  
  161  10:09  Viper  
  161  10:12  Hatchery  
  169  10:15  Drone x2  
  169  10:17  Extractor  
  169  10:18  Hydralisk x3  
  176  10:25  Zerg Missile Weapons Level 2  
  176  10:28  Hydralisk x2  
  176  10:32  Roach  
  176  10:33  Roach x2  
  176  10:34  Roach  
  186  10:39  Roach x3  
  186  10:40  Roach  
  188  10:43  Roach x2  
  188  10:45  Roach  
  192  10:53  Roach  
  188  10:59  Hydralisk x3  
  188  11:02  Overlord  
  188  11:06  Hydralisk x2  
  188  11:08  Pneumatized Carapace  
  190  11:11  Overlord  
  190  11:14  Overlord  
  188  11:21  Hydralisk x4  
  192  11:26  Hydralisk x3  
  192  11:29  Hydralisk  
  198  11:34  Extractor  
  197  11:40  Hydralisk  
  199  11:49  Hatchery  
  199  11:51  Hydralisk x2  
  193  12:01  Viper  
  193  12:02  Viper  
  193  12:03  Zergling x10  
  193  12:07  Roach  
  200  12:10  Roach  
  184  12:25  Roach  
  184  12:26  Roach x4  
  184  12:28  Roach x3  
  181  12:31  Hydralisk x2  
  181  12:35  Hydralisk x3  
  183  12:44  Hydralisk  
  183  12:45  Hydralisk x2  
  183  12:49  Roach x3  
  185  12:51  Roach x2  
  185  12:53  Roach  
  185  12:54  Hatchery  
  185  12:56  Roach  
  185  12:57  Roach  
  186  12:59  Roach  
  186  13:00  Roach  
  186  13:03  Roach x2  
  186  13:04  Roach x2  
  180  13:06  Roach x2  
  180  13:10  Roach  
  180  13:11  Roach x3  
  180  13:12  Roach  
  180  13:13  Roach  
  172  13:21  Hydralisk x2  
  172  13:22  Hydralisk x2  
  172  13:26  Hydralisk  
  180  13:31  Extractor  
  181  13:35  Hydralisk x3  
  187  13:42  Hydralisk  
  187  13:45  Roach  
  191  13:55  Hydralisk x4  
  189  14:12  Hydralisk  
  189  14:13  Hydralisk x5  
Tags
 
Add a new tag
Caveats
  • Supply blocks, unpowered buildings, or Contaminate may cause inaccurate times.
  • Supply counts are checked every 10 seconds.